Workbook
Name \0: #REF!
Name \0: #REF!
Name \0: #REF!
Name \0: #REF!
Name \0: #REF!
Name \00: #REF!
Name \00: #REF!
Name \00: #REF!
Name \00: #REF!
Name \00: #REF!
Name \a: #REF!
Name \a: #REF!
Name \a: #REF!
Name \a: #REF!
Name \a: #REF!
Name \AA: #REF!
Name \AA: #REF!
Name \AA: #REF!
Name \AA: #REF!
Name \AA: #REF!
Name \b: #REF!
Name \b: #REF!
Name \b: #REF!
Name \b: #REF!
Name \b: #REF!
Name \bb: #REF!
Name \bb: #REF!
Name \bb: #REF!
Name \bb: #REF!
Name \bb: #REF!
Name \E: #REF!
Name \E: #REF!
Name \E: #REF!
Name \E: #REF!
Name \E: #REF!
Name \EE: #REF!
Name \EE: #REF!
Name \EE: #REF!
Name \EE: #REF!
Name \EE: #REF!
Name \eliminar: #REF!
Name \eliminar: #REF!
Name \eliminar: #REF!
Name \eliminar: #REF!
Name \eliminar: #REF!
Name \eliminar1: #REF!
Name \eliminar1: #REF!
Name \eliminar1: #REF!
Name \eliminar1: #REF!
Name \eliminar1: #REF!
Name \G: #REF!
Name \G: #REF!
Name \G: #REF!
Name \G: #REF!
Name \G: #REF!
Name \k: #REF!
Name \k: #REF!
Name \k: #REF!
Name \k: #REF!
Name \k: #REF!

Sheet INF. BÁSICA
A3: PROCESO No. | B3: S.A.M.C-011-2024
A4: OBJETO: | B4: CONTRATAR EL SERVICIO DE ALQUILER DE VEHÍCULOS DESTINADOS PARA LA MOVILIDAD DE LOS EMPLEADOS PÚBLICOS DE LA ADMINISTRACIÓN MUNICIPAL DENTRO Y FUERA DEL MUNICIPIO DE CHINCHINÁ EN CUMPLIMIENTO DE LAS FUNCIONES DEL CARGO.
A5: PRESUPUESTO OFICIAL | B5: 293785935
A6: FECHA DE CIERRE | B6: Miercoles 15 de Enero de 2025
A8: INFORME BÁSICO
A10: PROPONENTES | C10: No. DE FOLIOS | D10: VALOR DE LA OFERTA
A11: PROPONENTE 1: | B11: CONEXIONES LOGISTIKAS S.A.S | C11: N/A | D11: 293785920

Sheet VER. JURIDICA
B3: ='INF. BÁSICA'!A3 -> PROCESO No. | C3: ='INF. BÁSICA'!B3 -> S.A.M.C-011-2024
B4: ='INF. BÁSICA'!A4 -> OBJETO: | C4: ='INF. BÁSICA'!B4 -> CONTRATAR EL SERVICIO DE ALQUILER DE VEHÍCULOS DESTINADOS PARA LA MOVILIDAD DE LOS EMPLEADOS PÚBLICOS DE LA ADMINISTRACIÓN MUNICIPAL DENTRO Y FUERA DEL MUNICIPIO DE CHINCHINÁ EN CUMPLIMIENTO DE LAS FUNCIONES DEL CARGO.
B5: ='INF. BÁSICA'!A5 -> PRESUPUESTO OFICIAL | C5: ='INF. BÁSICA'!B5 -> 293785935
B6: ='INF. BÁSICA'!A6 -> FECHA DE CIERRE | C6: ='INF. BÁSICA'!B6 -> Miercoles 15 de Enero de 2025
B7: VERIFICACIÓN JURÍDICA
B8: DOCUMENTOS | C8: =+'INF. BÁSICA'!A11 -> PROPONENTE 1:
C9: ='INF. BÁSICA'!B11 -> CONEXIONES LOGISTIKAS S.A.S
C10: CUMPLE | E10: FOLIO NÚMERO
C11: SI | D11: NO
B12: MIPYME TERRITORIAL - CALDAS | C12: X
B13: CARTA DE PRESENTACIÓN DE LA OFERTA | C13: X
B14: FOTOCOPIA DE LA CÉDULA DE CIUDADANÍA DEL REPRESENTANTE LEGAL | C14: X
B15: CERTIFICADO DE EXISTENCIA Y REPRESENTACION LEGAL | C15: X
B16: REGISTRO UNICO DE PROPONENTES - RUP | C16: X
B17: DOCUMENTO DE CONFORMACION DE CONSORCIOS O UNIONES TEMPORALES | C17: N/A
B18: CERTIFICACION DE PAGOS DE SEGURIDAD SOCIAL Y APORTES PARAFISCALES. | C18: X
B19: GARANTIA DE SERIEDAD DE LA OFERTA | C19: X
B20: CERTIFICADO DEL SISTEMA DE INFORMACIÓN Y REGISTRO DE SANCIONES Y CAUSAS DE INHABILIDAD –SIRI– VIGENTE EXPEDIDO POR LA PROCURADURÍA GENERAL DE LA NACIÓN (DEL PROPONENTE PERSONA NATURAL Y/O PERSONA JURÍDICA Y DE SU REPRESENTANTE LEGAL). | C20: X
B21: BOLETÍN DE RESPONSABLES FISCALES. (DEL PROPONENTE PERSONA NATURAL Y/O PERSONA JURÍDICA Y DE SU REPRESENTANTE LEGAL). | C21: X
B22: CERTIFICADO DE ANTECEDENTES JUDICIALES. (DEL PROPONENTE PERSONA NATURAL Y/O DEL REPRESENTANTE LEGAL DE LA PERSONA JURÍDICA). | C22: X
B23: CERTIFICADO DEL REGISTRO NACIONAL DE MEDIDAS CORRECTIVAS. (DEL PROPONENTE PERSONA NATURAL Y/O DEL REPRESENTANTE LEGAL DE LA PERSONA JURÍDICA). | C23: X
... B26: VERIFICACION | C26: HABILITADO
B27: OBSERVACIONES:

Sheet EXPERIENCIA PROPONENTE
A1: ='[1]INF. BÁSICA'!A1
A2: ='[1]INF. BÁSICA'!A3 -> PROCESO No. | C2: SAMC 011-2024
A3: ='[1]INF. BÁSICA'!A4 -> OBJETO: | C3: ='[1]INF. BÁSICA'!B4 -> CONTRATAR EL SERVICIO DE ALQUILER DE VEHÍCULOS DESTINADOS PARA LA MOVILIDAD DE LOS EMPLEADOS PÚBLICOS DE LA ADMINISTRACIÓN MUNICIPAL DENTRO Y FUERA DEL MUNICIPIO DE CHINCHINÁ EN CUMPLIMIENTO DE LAS FUNCIONES DEL CARGO.
A4: ='[1]INF. BÁSICA'!A5 -> PRESUPUESTO OFICIAL | C4: 293785935
A5: ='[1]INF. BÁSICA'!A6 -> FECHA DE CIERRE | C5: Miercoles 15 de Enero de 2025
A7: EVALUACIÓN EXPERIENCIA
A9: PARÁMETROS | B9: PARÁMETROS SOLICITADOS | E9: CALIFICACIÓN | F9: ='[1]INF. BÁSICA'!A11 -> PROPONENTE 1:
F10: CONEXIONES LOGISTIKAS S.A.S
A11: EXPERIENCIA DEL PROPONENTE | B11: GENERAL | D11: Mmínimo uno (1) y máximo cinco (5) contratos registrados en el RUP, de acuerdo con los códigos indicados en el presente numeral, verificando lo siguiente: • Nombre del contratante • Nombre del contratista • Contratos ejecutados clasificaciones: 78-11-18-00 • Clientes PÚBLICOS o PRIVADOS El Proponente persona natural o jurídica que acredite la calidad de Mipyme o de emprendimiento y empresa de mujer con domicilio en el territorio nacional de conformidad con lo previsto en el artículo 2.2.1.13.2.2 del Decreto 1074 de 2015 y los artículos 2.2.1.2.4.2.4. y 2.2.1.2.4.2.14 del Decreto 1082 de 2015, o las normas que los modifiquen, sustituyan o complementen, podrá probar la experiencia solicitada con un (1) contrato adicional a los cinco (5) inicialmente previstos, para un máximo de seis (6) contratos. En caso de que el Proponente persona natural o jurídica acredite la calidad de Mipyme y de emprendimiento y empresa de mujer con domicilio en el territorio nacional de manera conjunta, podrá demostrar la experiencia solicitada con dos (2) contratos adicionales a los cinco (5) inicialmente previstos, para un máximo de siete (7). | E11: CUMPLE /NO CUMPLE | F11: CUMPLE
B12: CÓDIGOS RUP | D12: 78-10-18-00 TRANSPORTE DE CARGA POR CARRETERA | E12: CUMPLE /NO CUMPLE | F12: CUMPLE
A13: DOCUMENTOS PARA LA ACREDITACIÓN DE LA EXPERIENCIA | C13: 1.3.1. DOCUMENTOS VÁLIDOS PARA LA ACREDITACIÓN DE LA EXPERIENCIA REQUERIDA. • Acta de liquidación • Acta de entrega, terminación, final o de recibo definitivo. • Certificación de experiencia. Expedida con posterioridad a la fecha de terminación del contrato en la que conste el recibo a satisfacción de los bienes y servicios contratados, debidamente suscrita por quien esté en capacidad u obligación de hacerlo. • Acta de inicio o la orden de inicio. La misma sólo será válida para efectos de acreditar la fecha de inicio. • Para los contratos que hayan sido objeto de cesión, el contrato deberá encontrarse debidamente inscrito y clasificado en el RUP o en uno o alguno de los documentos considerados como válidos para la acreditación de experiencia de la empresa cesionaria, según aplique. La experiencia se admitirá para el cesionario y no se reconocerá experiencia alguna al cedente. Para efectos de acreditación de experiencia entre particulares, el Proponente deberá aportar adicionalmente alguno de los documentos que se describen a continuación: • Certificación de facturación expedida con posterioridad a la fecha de terminación del contrato emitida por el revisor fiscal o contador público del Proponente que acredita la experiencia, según corresponda, con la copia de la tarjeta profesional y certificado de antecedentes disciplinarios vigente, expedido por la Junta Central de Contadores, o los documentos equivalentes que hagan sus veces en el país donde se expide el documento del profesional. | E13: CUMPLE /NO CUMPLE | F13: CUMPLE
A14: RELACIÓN DE LOS CONTRATOS FRENTE AL PRESUPUESTO OFICIAL. | C14: La verificación del número de contratos para acreditar la experiencia se realiza de la siguiente manera: Número de contratos con los cuales el Proponente cumple la experiencia acreditada Valor mínimo a certificar (como % del Presupuesto Oficial de obra expresado en SMMLV) De 1 hasta 2 75% De 3 hasta 4 120% Hasta 5 150% Si el número de contratos aportados supera los cinco (5) inicialmente previstos en este numeral, debido a la posibilidad de allegar contratos adicionales por tratarse de una Mipyme y/o emprendimiento y empresa de mujer, estos contratos adicionales, ya sean seis (6) o siete (7) dependiendo si acredita una o ambas condiciones, se tendrán en cuenta para demostrar el valor del ciento cincuenta por ciento (150 %) del valor del Presupuesto Oficial. | E14: CUMPLE /NO CUMPLE | F14: CUMPLE
A15: RESULTADO DE VERIFICACION | F15: HABILITADO
A16: OBSERVACIONES:

Sheet VER. TECNICA
B3: ='INF. BÁSICA'!A3 -> PROCESO No. | C3: ='INF. BÁSICA'!B3 -> S.A.M.C-011-2024
B4: ='INF. BÁSICA'!A4 -> OBJETO: | C4: ='INF. BÁSICA'!B4 -> CONTRATAR EL SERVICIO DE ALQUILER DE VEHÍCULOS DESTINADOS PARA LA MOVILIDAD DE LOS EMPLEADOS PÚBLICOS DE LA ADMINISTRACIÓN MUNICIPAL DENTRO Y FUERA DEL MUNICIPIO DE CHINCHINÁ EN CUMPLIMIENTO DE LAS FUNCIONES DEL CARGO.
B5: ='INF. BÁSICA'!A5 -> PRESUPUESTO OFICIAL | C5: ='INF. BÁSICA'!B5 -> 293785935
B6: ='INF. BÁSICA'!A6 -> FECHA DE CIERRE | C6: ='INF. BÁSICA'!B6 -> Miercoles 15 de Enero de 2025
B7: VERIFICACIÓN TECNICA
B8: DOCUMENTOS | C8: =+'INF. BÁSICA'!A11 -> PROPONENTE 1:
C9: ='INF. BÁSICA'!B11 -> CONEXIONES LOGISTIKAS S.A.S
C10: CUMPLE | E10: FOLIO NÚMERO
C11: SI | D11: NO
B12: CUMPLIMIENTO DE LAS ESPECIFICACIONES TÉCNICAS DEL OBJETO A CONTRATAR DISPUESTAS EN EL NUMERAL 1.2. DEL PLIEGO DE CONDICIONES. | C12: X
B13: CUMPLIMIENTO DE LAS OBLIGACIONES ESPECÍFICAS DEL CONTRATISTA DISPUESTAS EN EL NUMERAL 1.4. DEL PLIEGO DE CONDICIONES. (OBLIGACIÓN Nro.14). 14. EL CONTRATISTA DEBERÁ DE CONTAR CON LA PÓLIZA TODO RIESGO, LA CUAL AMPERE LOS SIGUIENTES RIESGOS: • LAS PÉRDIDAS TOTALES O PARCIALES POR HURTO O DAÑOS DE LOS VEHÍCULOS, ASÍ COMO LA RESPONSABILIDAD CIVIL EXTRACONTRACTUAL DE CADA UNO DE LOS VEHÍCULOS OFRECIDOS PARA LA EJECUCIÓN DEL CONTRATO. • COBERTURA DE RIESGO TOTAL: PROTECCIÓN TOTAL DEL VEHÍCULO, INCLUSIVE ACCESORIOS, EN CASO DE HURTO, ROBO, INCENDIO, O COLISIÓN. | C13: X
B14: DOCUMENTACIÓN LEGAL Y REGLAMENTARIA DE CADA UNO DE LOS VEHICULOS (LICENCIA DE TRANSITO – SOAT – REVISION TECNICOMECANICA – TODO RIESGO) | C14: X
B15: VERIFICACION | C15: HABILITADO
B16: OBSERVACIONES:

Sheet VER. FINANCIERA
A2: PROCESO No. | D2: =+#REF! -> #REF!
A3: OBJETO: | D3: =+#REF! -> #REF!
A4: PRESUPUESTO OFICIAL | D4: =+#REF! -> #REF! | F4: =+D4/1423500 -> #REF! | I4: SMMLV
A5: FECHA DE CIERRE | D5: =+#REF! -> #REF!
A6: CAPACIDAD FINANCIERA
A8: PROPONENTE | C8: INTEGRANTE | D8: PARTICIPACIÓN % | E8: AÑO DE EVALUACIÓN (MEJOR ESTADO DE RESULTADOS) | F8: ACTIVO CORRIENTE | G8: PASIVO CORRIENTE | H8: ACTIVO TOTAL | I8: PASIVO TOTAL | J8: UTILIDAD OPERACIONAL | K8: GASTOS DE INTERESES
A9: PROPONENTE 1 | B9: =+#REF! -> #REF! | D9: 1 | E9: 2023 | F9: 185382502 | G9: 11775000 | H9: 390382502 | I9: 11775000 | J9: 414987285 | K9: 0
A14: VERIFICACIÓN CAPITAL DE TRABAJO
A15: PROPONENTE | B15: CONSORCIO | C15: PARTICIPACIÓN | D15: CAPITAL DE TRABAJO | E15: RANGO DE EVALUACION 10% PO | G15: EVALUACIÓN
A16: =+A9 -> PROPONENTE 1 | B16: =+B9 -> #REF! | D16: =+F9-G9 -> 173607502 | E16: =+D4*10% -> #REF! | G16: =IF(D16>=E16,"CUMPLE","NO CUMPLE") -> #REF!
A21: EXCESO O DEFECTO DE PATRIMONIO
A22: PROPONENTE | B22: CONSORCIO | C22: PATRIMONIO TECNICO | D22: PATRIMONIO ADECUADO | E22: RANGO DE EVALUACION | G22: EVALUACIÓN
A23: =+A16 -> PROPONENTE 1 | B23: =+B9 -> #REF! | C23: 283569126128 | D23: 87102632254 | E23: ≥ 0 | G23: =IF(C23-D23>=0,"CUMPLE","NO CUMPLE") -> CUMPLE
A24: =+A18 -> 0 | B24: =+B11 -> 0 | C24: 527972830014 | D24: 434106654533 | E24: ≥ 0 | G24: =IF(C24-D24>=0,"CUMPLE","NO CUMPLE") -> CUMPLE
A27: VERIFICACIÓN DEL ÍNDICE DE LIQUIDEZ
A28: PROPONENTE | B28: CONSORCIO | C28: PARTICIPACIÓN | D28: INDICE DE LIQUIDEZ FINAL | E28: RANGO DE EVALUACION | G28: EVALUACIÓN
A29: =+A9 -> PROPONENTE 1 | B29: =+B9 -> #REF! | D29: =F9/G9 -> 15.743737 | E29: ≥1.11 | G29: =IF(D29>=1.11%,"CUMPLE","NO CUMPLE") -> CUMPLE
A33: VERIFICACIÓN DEL NIVEL DE ENDEUDAMIENTO
A34: PROPONENTE | B34: CONSORCIO | C34: PARTICIAPCIÓN | D34: NIVEL DE ENDEUDAMIENTO CALCULADO FINAL | E34: RANGO DE EVALUACION | G34: EVALUACIÓN
A35: =+A29 -> PROPONENTE 1 | B35: =+B9 -> #REF! | D35: =I9/H9 -> 0.030162725 | E35: ≤75% | G35: =IF(D35<=75%,"CUMPLE","NO CUMPLE") -> CUMPLE
A39: VERIFICACIÓN DE LA RAZÓN DE COBERTURA DE INTERESES
A40: PROPONENTE | B40: CONSORCIO | C40: PARTICIPACIÓN | D40: NIVEL DE COBERTURA DE INTERESES FINAL | E40: RANGO DE EVALUACION | G40: EVALUACIÓN
A41: =+A35 -> PROPONENTE 1 | B41: =+B9 -> #REF! | D41: =J9/K9 -> #DIV/0! | E41: ≥0 | G41: =IF(D41>=0%,"CUMPLE","NO CUMPLE") -> #DIV/0!
A46: Obsevaciones:
A47: 1
A48: 2

Sheet CAP.ORGANIZACIÓN
A2: PROCESO No. | D2: =+#REF! -> #REF!
A3: OBJETO: | D3: =+#REF! -> #REF!
A4: PRESUPUESTO OFICIAL | D4: =+#REF! -> #REF! | F4: =+#REF! -> #REF! | H4: SMMLV
A5: FECHA DE CIERRE | D5: =+#REF! -> #REF!
A6: VERIFICACION DE CAPACIDAD ORGANIZACIONAL
A7: PROPONENTE | C7: PARTICIPACIÓN % | D7: AÑO DE EVALUACIÓN (MEJOR ESTADO DE RESULTADOS) | E7: UTILIDAD OPERACIONAL | F7: PATRIMONIO | G7: ACTIVO TOTAL
A8: PROPONENTE 1 | B8: =+#REF! -> #REF! | C8: 1 | D8: 2022 | E8: =+#REF! -> #REF! | F8: =+#REF!-#REF! -> #REF! | G8: =+#REF! -> #REF!
A12: VERIFICACIÓN DE RENTABILIDAD DEL PATRIMONIO
A13: PROPONENTE | B13: CONSORCIO | C13: PARTICIAPCIÓN | D13: RENTABILIDAD DE PATRIMONIO | E13: RANGO DE EVALUACION | F13: CALIFICACIÓN
A14: =+A8 -> PROPONENTE 1 | B14: =+B8 -> #REF! | C14: =+C8 -> 1 | D14: =E8/F8 -> #REF! | E14: ≥ 0 | F14: =IF(D14>=0,"CUMPLE","NO CUMPLE") -> #REF!
A18: VERIFICACIÓN DE RENTABILIDAD DEL ACTIVO
A19: PROPONENTE | B19: CONSORCIO | C19: PARTICIAPCIÓN | D19: RENTABILIDAD DE ACTIVO | E19: RANGO DE EVALUACION | F19: CALIFICACIÓN
A20: =+A14 -> PROPONENTE 1 | B20: =+B14 -> #REF! | C20: =+C8 -> 1 | D20: =E8/G8 -> #REF! | E20: ≥ 0 | F20: =IF(D20>=0,"CUMPLE","NO CUMPLE") -> #REF!
A24: OBSERVACIONES:
A25: 1
A26: 2
A27: 3

Sheet RESUMEN DE EVALUACION
A1: =+'INF. BÁSICA'!A1:D1
A3: =+'INF. BÁSICA'!A3:D3 -> PROCESO No. | B3: =+'INF. BÁSICA'!B3 -> S.A.M.C-011-2024
A4: =+'INF. BÁSICA'!A4:D4 -> OBJETO: | B4: =+'INF. BÁSICA'!B4 -> CONTRATAR EL SERVICIO DE ALQUILER DE VEHÍCULOS DESTINADOS PARA LA MOVILIDAD DE LOS EMPLEADOS PÚBLICOS DE LA ADMINISTRACIÓN MUNICIPAL DENTRO Y FUERA DEL MUNICIPIO DE CHINCHINÁ EN CUMPLIMIENTO DE LAS FUNCIONES DEL CARGO.
A5: =+'INF. BÁSICA'!A5:D5 -> PRESUPUESTO OFICIAL | B5: =+'INF. BÁSICA'!B5 -> 293785935
A6: =+'INF. BÁSICA'!A6:D6 -> FECHA DE CIERRE | B6: =+'INF. BÁSICA'!B6 -> Miercoles 15 de Enero de 2025
A8: RESUMEN DE EVALUACION
A10: =+'INF. BÁSICA'!A10:D10 -> PROPONENTES | C10: EVALUACION JURIDICA | E10: EVALUACION TECNICA | G10: EXPERIENCIA | I10: EVALUACION FINANCIERA | K10: EVALUACION ORGANIZACIONAL | M10: RESULTADO DE LA VERIFICACION
C11: CUMPLE | D11: NO CUMPLE | E11: CUMPLE | F11: NO CUMPLE | G11: CUMPLE | H11: NO CUMPLE | I11: CUMPLE | J11: NO CUMPLE | K11: CUMPLE | L11: NO CUMPLE
A12: =+'INF. BÁSICA'!A11:D11 -> PROPONENTE 1: | B12: ='INF. BÁSICA'!B11 -> CONEXIONES LOGISTIKAS S.A.S | C12: X | E12: X | G12: X | I12: X | K12: X | M12: HABILITADO

Sheet VER. OFERTA ECONOMICA
A1: PROCESO No. | B1: =+[3]EVALUACIONES!C1 -> S.A.M.C 011-2024
A2: OBJETO GENERAL: | B2: =+[3]EVALUACIONES!C2 -> CONTRATAR EL SERVICIO DE ALQUILER DE VEHÍCULOS DESTINADOS PARA LA MOVILIDAD DE LOS EMPLEADOS PÚBLICOS DE LA ADMINISTRACIÓN MUNICIPAL DENTRO Y FUERA DEL MUNICIPIO DE CHINCHINÁ EN CUMPLIMIENTO DE LAS FUNCIONES DEL CARGO
A3: PRESUPUESTO OFICIAL | B3: =+[3]EVALUACIONES!C3 -> 293785935
A4: FECHA APERTURA SOBRE ECONOMICO | B4: =+[3]EVALUACIONES!C4 -> 45672
A5: PROPONENTE | B5: =+[3]EVALUACIONES!B7 -> CONEXIONES LOGISTIKAS S.A.S.
A6: NIT | B6: =+[3]EVALUACIONES!C7 -> 901687302-6
A8: ITEM | B8: CANT | C8: DÍAS | D8: PRODUCTO | E8: VALOR UNITARIO (IVA INCLUIDO) OFERTA | F8: VALOR TOTAL OFERTA | G8: VALOR TOTAL OFERTA CORREGIDA | H8: VALOR UNITARIO (IVA INCLUIDO) PROCESO | I8: VALOR TOTAL PROCESO | J8: VALOR TOTAL PROCESO
A9: 1 | B9: 1 | C9: 425 | D9: =+[3]VALORES!A1 -> Alquiler de camioneta campero y/o doble cabina 4x2 o 4X4 | E9: 97928640 | F9: =+B9*E9 -> 97928640 | G9: =+F9 -> 97928640 | H9: =+[3]VALORES!B1 -> 97928645 | I9: =+B9*H9 -> 97928645 | J9: =IF(G9<=I9,"CUMPLE","NO CUMPLE") -> CUMPLE
A10: 2 | B10: 2 | C10: 425 | D10: =+[3]VALORES!A2 -> Alquiler de camioneta doble cabina con platón 4X4 | E10: 97928640 | F10: =+B10*E10 -> 195857280 | G10: =+F10 -> 195857280 | H10: =+[3]VALORES!B2 -> 97928645 | I10: =+B10*H10 -> 1.9585729e+08 | J10: =IF(G10<=I10,"CUMPLE","NO CUMPLE") -> CUMPLE
A11: TOTAL | F11: =SUM(F9:F10) -> 293785920 | G11: =SUM(G9:G10) -> 293785920 | H11: =SUM(H9:H10) -> 1.9585729e+08 | I11: =SUM(I9:I10) -> 2.9378594e+08 | J11: =IF(G11<=I11,"CUMPLE","NO CUMPLE") -> CUMPLE
